 Dungeon Crawl Stone Soup version 0.17.1-1-g73c8601 (webtiles) character file.

3827 Rationalist the Fighter (level 9, -1/77 HPs)
             Began as a Demonspawn Berserker on Dec 19, 2015.
             Was an Elder of Trog.
             Slain by a black mamba (2 damage)
             ... on level 1 of the Lair of Beasts.
             The game lasted 00:14:52 (6775 turns).

Rationalist the Fighter (Demonspawn Berserker)      Turns: 6775, Time: 00:14:52

Health: -1/77      AC:  6    Str: 19    XL:     9   Next: 97%
Magic:  9/9        EV: 17    Int:  8    God:    Trog [****..]
Gold:   431        SH:  0    Dex: 15    Spells: 0 memorised, 8 levels left

rFire  . . .     SeeInvis .     a - +0 hand axe
rCold  . . .     Clarity  .     G - +3 leather armour
rNeg   . . .     SustAt   .     (no shield)
rPois  .         Gourm    .     (helmet restricted)
rElec  .         Spirit   .     (no cloak)
rCorr  .         Warding  .     (no gloves)
rMut   .         Stasis   .     (no boots)
MR     .....                    (no amulet)
Stlth  +.........               (no ring)
                                (no ring)

@: confused, lethally poisoned (-1 -> -35), not resistant to hostile
enchantments, very unstealthy
A: antennae 1, claws 2, hooves 2, powered by death 1
a: Berserk, Trog's Hand, Brothers in Arms, Burn Spellbooks, Renounce Religion


You were on level 1 of the Lair of Beasts.
You worshipped Trog.
Trog was greatly pleased with you.
You were not hungry.

You visited 2 branches of the dungeon, and saw 9 of its levels.

You collected 431 gold pieces.

Inventory:

Hand Weapons
 a - a +0 hand axe (weapon)
 u - a cursed -2 hunting sling
Missiles
 e - 46 sling bullets
 n - 30 bolts
 q - 8 javelins (quivered)
 t - 7 javelins of penetration
 v - 15 sling bullets of frost
 w - 16 bolts of flame
Armour
 G - a +3 leather armour (worn)
Rods
 b - a +0 rod of clouds (9/9)
   (You found it on level 7 of the Dungeon)
Jewellery
 p - an uncursed amulet of resist mutation
Wands
 s - a wand of confusion (24)
 J - a wand of digging (8)
Scrolls
 g - 3 scrolls of remove curse
 h - 2 scrolls of immolation
 k - a scroll of magic mapping {unknown}
 l - 2 scrolls of noise {unknown}
 m - a scroll of recharging {unknown}
 o - 3 scrolls of blinking {unknown}
 r - 5 scrolls of teleportation
 y - a scroll of random uselessness {unknown}
 z - a scroll of enchant weapon {unknown}
 D - 2 scrolls of amnesia {unknown}
Potions
 d - 3 potions of heal wounds {unknown}
 f - a potion of invisibility
 j - a potion of lignification
 B - 2 potions of haste
 C - 2 potions of agility
 L - 2 potions of cure mutation
Books
 i - a book of Debilitation

   Spells                             Type                      Level
   a - Corona                         Hexes                        1
   b - Slow                           Hexes                        2
   c - Gell's Gravitas                Hexes/Translocation          3
   d - Inner Flame                    Hexes/Fire                   3
   e - Cause Fear                     Hexes                        4
   f - Leda's Liquefaction            Hexes/Earth                  4
   Trog disapproves of the use of such an item.
 F - a book of Clouds

   Spells                             Type                      Level
   a - Mephitic Cloud                 Conjuration/Poison/Air       3
   b - Conjure Flame                  Conjuration/Fire             3
   c - Poisonous Cloud                Conjuration/Poison/Air       6
   d - Freezing Cloud                 Conjuration/Ice/Air          6
   e - Ring of Flames                 Charms/Fire                  7
   Trog disapproves of the use of such an item.
Comestibles
 c - 4 bread rations
 x - a royal jelly
 E - 5 chunks of flesh
 M - 3 meat rations


   Skills:
 + Level 9.4 Fighting
 + Level 8.8 Axes
 + Level 2.2 Armour
 + Level 8.7 Dodging
 + Level 2.0 Stealth


You had 8 spell levels left.
You didn't know any spells.

Dungeon Overview and Level Annotations

Branches:
Dungeon (8/15)             Temple (0/1) D:4            Lair (1/8) D:8

Altars:
Elyvilon
Qazlal
Yredelemnul
Jiyva

Shops:
D:6 =


Innate Abilities, Weirdness & Mutations

You have a pair of small antennae on your head.
You have very sharp fingernails.
You have hoof-like feet.
You regenerate a little health from kills.


Message History

* * * LOW HITPOINT WARNING * * *
The spiny frog closely misses you.
Drink which item? (? for menu, Esc to quit)
You feel better. The black mamba misses you. The black mamba bites you!
* * * LOW HITPOINT WARNING * * *
Your ogre rages.
The spiny frog stings you.
* * * LOW HITPOINT WARNING * * *
You are lethally poisoned!
The spiny frog poisons you!
Drink which item? (? for menu, Esc to quit)
You are confused.
You feel invigorated.
* * * LOW HITPOINT WARNING * * *
You feel sick. The black mamba bites you.
* * * LOW HITPOINT WARNING * * *
You are more poisoned.
The black mamba poisons you! The spiny frog closely misses you.
The black mamba bites you.
You die...

####### ..... ..
##.#.#+## ....
#.......#
#...#SO.....# .
#....F@.....#....
#...#....<.......
#. ###..####....
....... .
...####..# ...
### .. .


You could see a black mamba, a spiny frog and a friendly ogre (berserk).

Vanquished Creatures
  Pikel (D:4)
  Psyche (D:8)
  The ghost of riffraff the Skirmisher, a novice DsBe of Trog (D:4)
  Grinder (D:6)
  Prince Ribbit (D:6)
  Sigmund (D:6)
  A deep elf fighter (D:8)
  A water moccasin (D:6)
  3 ogres
  2 centaurs
  A water moccasin skeleton (D:4)
  2 scorpions
  6 crimson imps
  A hound (D:6)
  3 jellies (D:6)
  5 orc priests
  2 giant frog skeletons
  4 worker ants
  An iguana (D:8)
  10 orc wizards
  A worker ant zombie (D:8)
  10 adders
  3 gnolls (D:2)
  5 river rats (D:8)
  A shadow imp (D:5)
  2 oozes (D:6)
  An adder zombie (D:7)
  A worm (D:4)
  An adder skeleton (D:6)
  5 giant geckos
  24 orcs
  16 bats
  9 giant cockroaches
  5 hobgoblins
  5 quokkas
  2 ball pythons
  A giant gecko skeleton (D:5)
  5 giant newts
  8 goblins
  7 jackals (D:3)
  7 kobolds
  A quokka skeleton (D:4)
  17 rats
185 creatures vanquished.

Vanquished Creatures (others)
  A slave (D:4)
  A hound (D:4)
  An adder (D:4)
  A worm (D:4)
  A giant gecko (D:4)
  An orc (D:4)
6 creatures vanquished.

Grand Total: 191 creatures vanquished

Notes
Turn   | Place    | Note
--------------------------------------------------------------
     0 | D:1      | Rationalist the Demonspawn Berserker began the quest for the Orb.
     0 | D:1      | Reached XP level 1. HP: 18/18 MP: 1/1
    99 | D:1      | Gained mutation: You regenerate a little health from kills. [demonic ancestry]
    99 | D:1      | Reached XP level 2. HP: 10/24 MP: 2/2
   487 | D:2      | Reached ** piety under Trog
   534 | D:2      | Reached XP level 3. HP: 4/29 MP: 3/3
  1027 | D:2      | Gained mutation: You have sharp fingernails. [demonic ancestry]
  1027 | D:2      | Reached XP level 4. HP: 4/37 MP: 4/4
  1030 | D:2      | HP: 1/37 [adder (5)]
  1399 | D:2      | Reached skill level 8 in Fighting
  1399 | D:2      | Reached skill level 5 in Dodging
  1399 | D:2      | Reached XP level 5. HP: 41/49 MP: 5/5
  1527 | D:3      | Found a basalt altar of Yredelemnul.
  1623 | D:3      | Gained mutation: You have a pair of small antennae on your head. [demonic ancestry]
  1623 | D:3      | Reached XP level 6. HP: 40/56 MP: 6/6
  1681 | D:3      | Reached *** piety under Trog
  1893 | D:4      | Noticed riffraff's ghost (novice DsBe)
  1935 | D:4      | Killed riffraff's ghost
  1935 | D:4      | Gained mutation: You have very sharp fingernails. [demonic ancestry]
  1935 | D:4      | Reached XP level 7. HP: 52/62 MP: 7/7
  2522 | D:4      | Noticed Pikel
  2544 | D:4      | Killed Pikel
  2544 | D:4      | Reached skill level 1 in Stealth
  2544 | D:4      | Gained mutation: You have large cloven feet. [demonic ancestry]
  2544 | D:4      | Reached XP level 8. HP: 23/69 MP: 8/8
  2932 | D:4      | Found a staircase to the Ecumenical Temple.
  3119 | D:4      | Found a stormy altar of Qazlal.
  3262 | D:5      | Entered Level 5 of the Dungeon
  4863 | D:6      | Noticed Prince Ribbit
  4873 | D:6      | Noticed Sigmund
  4876 | D:6      | Killed Prince Ribbit
  4876 | D:6      | Gained mutation: You have hoof-like feet. [demonic ancestry]
  4876 | D:6      | Reached XP level 9. HP: 72/75 MP: 9/9
  4886 | D:6      | Killed Sigmund
  4886 | D:6      | Reached **** piety under Trog
  4886 | D:6      | Reached skill level 9 in Fighting
  4969 | D:6      | Found a white marble altar of Elyvilon.
  4975 | D:6      | Found a viscous altar of Jiyva.
  5066 | D:6      | Found Zyllorgh's Jewellery Shoppe.
  5205 | D:6      | Noticed Grinder
  5219 | D:6      | Paralysed by Grinder for 3 turns
  5240 | D:6      | Killed Grinder
  6439 | D:8      | Noticed Psyche
  6446 | D:8      | Killed Psyche
  6678 | D:8      | Reached ***** piety under Trog
  6712 | D:8      | Found a staircase to the Lair.
  6763 | Lair:1   | Entered Level 1 of the Lair of Beasts
  6763 | Lair:1   | Noticed a spiny frog
  6767 | Lair:1   | Noticed a black mamba
  6775 | Lair:1   | HP: 1/77 [black mamba (6)]
  6775 | Lair:1   | Slain by a black mamba

Action                   |  1- 3 |  4- 6 |  7- 9 || total
-------------------------+-------+-------+-------++-------
Melee: Hand axe          |   133 |   117 |   641 ||   891
Invok: Berserk           |     1 |     2 |     2 ||     5
       Trog's Hand       |       |       |     2 ||     2
       Brothers in Arms  |       |       |     1 ||     1
  Use: Potion            |       |     3 |     7 ||    10
       Scroll            |       |     3 |     6 ||     9
 Stab: Sleeping          |     1 |       |     3 ||     4
  Eat: Chunk             |     1 |     4 |    14 ||    19
       Royal jelly       |       |       |     1 ||     1
       Fruit             |       |       |     4 ||     4
       Pizza             |       |       |     1 ||     1
       Beef jerky        |       |       |     1 ||     1
